 Dungeon Crawl Stone Soup version 0.25.1-8-g42b30a86e7 (webtiles) character file.

Game seed: 12296951316844407681

4272 hawla the Severer (level 10, -53/86 HPs)
             Began as a Minotaur Gladiator on Dec 10, 2020.
             Was an Initiate of Gozag.
             Killed from afar by a lich (91 damage)
             ... with a crystal spear
             ... on level 2 of the Abyss.
             The game lasted 00:19:22 (8114 turns).

hawla the Severer (Minotaur Gladiator)              Turns: 8114, Time: 00:19:22

Health: -53/86     AC:  6    Str: 34    XL:     10   Next: 10%
Magic:  9/9        EV: 13    Int:  5    God:    Gozag
Gold:   1493       SH:  0    Dex: 15    Spells: 9/9 levels left

rFire    . . .     SeeInvis .   x - +0 war axe "Zeirch" {drain, rPois rN+ Dex+3}
rCold    . . .     Gourm    .   (no shield)
rNeg     + . .     Faith    .   L - +0 leather armour {MR+}
rPois    +         Spirit   .   c - +0 hat
rElec    .         Reflect  .   (no cloak)
rCorr    .         Harm     .   t - +0 pair of gloves
MR       +....                  K - +1 pair of boots
Stlth    +.........             E - amulet of regeneration
HPRegen  0.64/turn              v - +6 ring of strength
MPRegen  0.11/turn              p - +6 ring of strength

@: marked, berserk cooldown, slowed, very slow
A: retaliatory headbutt, horns 2
a: Potion Petition, Call Merchant, Bribe Branch, Renounce Religion


You were on level 2 of the Abyss.
You worshipped Gozag.
Gozag was most pleased with you.
You were full.

You visited 2 branches of the dungeon, and saw 10 of its levels.
You visited the Abyss 1 time.
You also visited: Sewer.

You collected 1752 gold pieces.
You spent 204 gold pieces at shops.
You paid 55 gold pieces to Gozag.

Inventory:

Hand Weapons
 a - a +1 war axe of flaming
 x - the +0 war axe "Zeirch" (weapon) {drain, rPois rN+ Dex+3}
   (You bought it in a shop on level 4 of the Dungeon)

   A truly terrible weapon, it drains the life of those it strikes.
   It affects your dexterity (+3).
   It protects you from poison.
   It protects you from negative energy.
Missiles
 d - 5 throwing nets
 z - 7 poisoned darts (quivered)
 H - 9 boomerangs
Armour
 c - a +0 hat (worn)
 o - +0 fire dragon scales
 t - a +0 pair of gloves (worn)
 K - a +1 pair of boots (worn)
 L - a +0 leather armour of magic resistance (worn)
Magical Staves
 D - an uncursed staff of cold
Jewellery
 h - an uncursed amulet of the acrobat
 p - a +6 ring of strength (right hand)
 v - a +6 ring of strength (left hand)
 w - an uncursed ring of stealth
 A - an uncursed ring of flight
 E - an amulet of regeneration (around neck)
Wands
 l - a wand of polymorph (5)
 I - a wand of digging (10)
Scrolls
 q - 4 scrolls of enchant armour
 r - 2 scrolls of magic mapping
 s - 2 scrolls of remove curse
 C - 2 scrolls of enchant weapon
 J - a scroll of brand weapon
Potions
 b - a potion of lignification
 e - 2 potions of heal wounds
 g - a potion of magic
 i - 3 potions of curing
 j - 3 potions of might
 m - a potion of ambrosia {unknown}
 n - 3 potions of brilliance
 u - a potion of stabbing
 B - a potion of flight
 F - a potion of haste
 M - a potion of invisibility {unknown}
Comestibles
 f - 8 rations


   Skills:
 + Level 7.5 Fighting
 * Level 15.4 Axes
 - Level 2.0 Throwing
 - Level 3.2 Dodging


You had 9 spell levels left.
You didn't know any spells.
Your spell library contained the following spells:

 Spells                   Type           Power        Failure   Level  Hunger
 Corona                   Hex            #......      52%         1    ##.....
 Slow                     Hex            #.......     65%         2    ###....
 Inner Flame              Hex/Fire       #.......     87%         3    ####...
 Portal Projectile        Hex/Tloc       #.....       87%         3    ####...
 Cause Fear               Hex            #.........   99%         4    #####..
 Leda's Liquefaction      Hex/Erth       #.........   99%         4    #####..


Dungeon Overview and Level Annotations

Branches:
Dungeon (9/15)             Temple (1/1) D:6           Sewer (visited)
   Lair: D:8-11         Orc: D:9-12

Altars:
Ashenzari
Dithmenos
Fedhas
Gozag
Nemelex Xobeh
Okawaru
Qazlal
The Shining One

Shops:
D:4 (

Annotations:
D:4 exclusion: oklob plant
D:5 1 transporter
D:9 Harold


Innate Abilities, Weirdness & Mutations

You reflexively headbutt those who attack you in melee.
You have a pair of horns on your head.


Message History

The floor.
Evoke which item? (* to show all) (? for menu, Esc to quit)
Aiming: Throw Flame
Press: ? - help, Shift-Dir - straight line, f - lich
Aim: a lich (translocational energy)
The puff of flame hits the lich but does no damage.
The now-empty wand crumbles to dust.
Evoke which item? (* to show all) (? for menu, Esc to quit)
You don't have any such object.
Evoke which item? (* to show all) (? for menu, Esc to quit)
Huh?
Evoke which item? (* to show all) (? for menu, Esc to quit)
Huh?
Evoke which item? (* to show all) (? for menu, Esc to quit)
Okay, then.
The lich casts a spell at you. The crystal spear hits you!!!!
Ouch! That really hurt!
You die...
Your body crumbles into a pile of gold.

....#. .#.....
..#.... ##..... .
#...... .. #.#....
##...
#.....##+##.⌠...
#..#.L@....(.#
..#..........#$
.............#
..................
.....#.......#....
.............# .#.
...............
.....⌠..#.##.⌠..
##...#..... ..#.#


You could see a lich.

Vanquished Creatures
  Pikel (D:5)
  4 yaks (D:4)
  A hungry ghost (D:9)
  Menkaure (D:4)
  An orc warrior (D:6)
  2 ice beasts (D:5)
  A slave (D:5)
  A phantom (D:4)
  A sky beast (D:6)
  5 ogres
  2 necrophages
  4 centaurs
  A crocodile (D:8)
  Blork the orc (D:4)
  2 bullfrogs
  2 scorpions
  A howler monkey (D:6)
  2 bullfrog zombies
  2 crimson imps
  5 jellies
  A bullfrog skeleton (D:5)
  3 hounds
  A centaur skeleton (D:4)
  4 orc priests
  6 orc wizards
  3 iguanas
  Ijyb (D:4)
  4 worker ants
  A hound skeleton (D:5)
  Robin (D:4)
  9 adders
  2 shadow imps
  A worm (D:5)
  5 dart slugs
  4 leopard geckos
  30 orcs
  6 giant cockroaches
  9 goblins (D:4)
  9 hobgoblins
  22 jackals
  4 quokkas
  5 ball pythons
  9 bats
  17 frilled lizards
  11 kobolds
  2 quokka skeletons
  6 rats
216 creatures vanquished.

Vanquished Creatures (others)
  A worker ant (D:5)
  3 jackals (D:5)
  A quokka skeleton (D:5)
  5 plants (D:3)
10 creatures vanquished.

Grand Total: 226 creatures vanquished

Notes
Turn   | Place    | Note
-------+----------+-------------------------------------------
     0 | D:1      | hawla the Minotaur Gladiator began the quest for the Orb.
     0 | D:1      | Reached XP level 1. HP: 18/18 MP: 0/0
     0 | D:1      | Noticed a dwarf
     4 | D:1      | Noticed a felid
     6 | D:1      | Noticed a felid
     7 | D:1      | Noticed a minotaur skeleton
     8 | D:1      | Noticed an elf
    10 | D:1      | Noticed an elf
    12 | D:1      | Noticed a minotaur
    14 | D:1      | Noticed a dwarf
    16 | D:1      | Noticed a minotaur zombie
    18 | D:1      | Noticed a spriggan
    20 | D:1      | Noticed a merfolk zombie
    32 | D:1      | Reached skill level 4 in Axes
   125 | D:1      | Reached XP level 2. HP: 25/25 MP: 1/1
   611 | D:1      | Reached skill level 5 in Axes
   785 | D:2      | Reached XP level 3. HP: 30/30 MP: 2/2
   966 | D:2      | Found an iron altar of Okawaru.
  1383 | D:2      | Reached skill level 6 in Axes
  1383 | D:2      | Reached XP level 4. HP: 37/37 MP: 3/3
  1426 | D:3      | Found an opulent altar of Gozag.
  1426 | D:3      | Found a glowing golden altar of the Shining One.
  1428 | D:3      | Found a glowing drain.
  1440 | D:3      | Became a worshipper of Gozag Ym Sagoz the Greedy
  1452 | Sewer    | Entered a sewer
  2284 | D:3      | Reached skill level 7 in Axes
  2284 | D:3      | Reached XP level 5. HP: 25/42 MP: 4/4
  3294 | D:4      | Noticed an ogre
  3300 | D:4      | Killed an ogre
  3300 | D:4      | Reached skill level 8 in Axes
  3300 | D:4      | Reached XP level 6. HP: 50/50 MP: 5/5
  3314 | D:4      | Found a blossoming altar of Fedhas.
  3314 | D:4      | Noticed Robin
  3328 | D:4      | Killed Robin
  3457 | D:4      | Noticed Blork the orc
  3467 | D:4      | Killed Blork the orc
  3539 | D:4      | Reached skill level 9 in Axes
  3666 | D:4      | Reached XP level 7. HP: 56/56 MP: 6/6
  3722 | D:4      | Reached skill level 10 in Axes
  3916 | D:4      | Found a shadowy altar of Dithmenos.
  3951 | D:4      | Noticed Menkaure
  3958 | D:4      | Killed Menkaure
  4154 | D:4      | Found Mestrod's Antique Weapon Emporium.
  4170 | D:4      | Bought a pitted war axe for 204 gold pieces
  4170 | D:4      | Identified the +0 war axe "Zeirch" {drain, rPois rN+ Dex+3}
                  | (You bought it in a shop on level 4 of the Dungeon)
  4183 | D:4      | Noticed Ijyb
  4183 | D:4      | Noticed a yak
  4183 | D:4      | Noticed a yak
  4188 | D:4      | Noticed a yak
  4190 | D:4      | Noticed a yak
  4192 | D:4      | Killed Ijyb
  4197 | D:4      | Killed a yak
  4197 | D:4      | Reached skill level 11 in Axes
  4201 | D:4      | Reached XP level 8. HP: 51/62 MP: 7/7
  4209 | D:4      | Reached skill level 12 in Axes
  4807 | D:4      | Noticed an oklob plant
  4855 | D:5      | Entered Level 5 of the Dungeon
  4892 | D:5      | Reached skill level 13 in Axes
  4897 | D:5      | Found a stormy altar of Qazlal.
  5106 | D:5      | Noticed Pikel
  5117 | D:5      | Killed Pikel
  5117 | D:5      | Reached skill level 14 in Axes
  5117 | D:5      | Reached XP level 9. HP: 50/71 MP: 8/8
  5254 | D:5      | Found a sparkling altar of Nemelex Xobeh.
  5254 | D:5      | Found a transporter.
  5564 | D:6      | Reached skill level 5 in Fighting
  5834 | D:6      | Found a staircase to the Ecumenical Temple.
  5841 | Temple   | Entered the Ecumenical Temple
  6953 | D:8      | Reached skill level 15 in Axes
  7691 | D:9      | Reached XP level 10. HP: 68/86 MP: 9/9
  7874 | D:9      | Noticed Harold
  8089 | D:9      | Found a shattered altar of Ashenzari.
  8105 | D:9      | Cast into level 2 of the Abyss (Harold)
  8111 | Abyss:2  | Noticed a lich
  8114 | Abyss:2  | Killed from afar by a lich

Illustrated notes

Levels and vault maps discovered:
D:1:      shiori_arrival_whats_in_store_for_you, layout_basic
D:2:      layout_loops_ring, okawaru_ov_weapons_minmay
D:3:      layout_loops_corners, grunt_temple_overflow_open, first_ration,
          cheibrodos_sewer_entry_sluice, minmay_lizard_king
D:4:      layout_loops_ring, kennysheep_mini_moat, serial_shops, shop,
          tgw_fedhas, uniq_robin, uniq_menkaure, uniq_blork_the_orc, uniq_ijyb
D:5:      layout_loops_ring, nicolae_overflow_crystal_walls,
          grunt_nemelex_the_gamble, uniq_pikel
D:6:      layout_rooms, minmay_temple_entry_hall, serial_glass, glass_columns_c,
          glass_columns_b, item_on_display_a, feat_on_display,
          due_unseen_surprise, item_on_display_a
D:7:      layout_basic
D:8:      layout_loops_ring
D:9:      layout_rooms, lemuel_round_altar, evilmike_ruin_ashenzari,
          hangedman_ranch [blue_anna_fruit_fields], uniq_harold
Temple:   bh_familiar_temple
Abyss:2:  base: D:14, minivault_4

Skill      XL: |  1  2  3  4  5  6  7  8  9 |
---------------+----------------------------+-----
Axes           | 4 5 6 7 8 9 11 14 15 | 15.4
Fighting       | 4 7 |  7.5
Throwing       | |  2.0
Dodging        | |  3.2

Action                   |  1- 3 |  4- 6 |  7- 9 | 10-12 || total
-------------------------+-------+-------+-------+-------++-------
Melee: War axe           |    55 |   174 |   190 |    27 ||   446
       Headbutt          |    10 |    24 |    53 |     3 ||    90
Throw: Dart              |       |       |       |     6 ||     6
Invok: Potion Petition   |       |       |       |     1 ||     1
Evoke: Wand              |       |       |       |     5 ||     5
  Use: Scroll            |     3 |     7 |    12 |     2 ||    24
 Stab: Sleeping          |     1 |       |       |       ||     1
       Distracted        |       |     1 |     1 |       ||     2
  Eat: Chunk             |     1 |     1 |       |       ||     2
       Ration            |       |     4 |     2 |     2 ||     8
Armor: Leather armour    |    16 |    28 |     1 |     2 ||    47
       Scale mail        |       |    18 |    26 |       ||    44
       Fire dragon scale |       |       |    14 |       ||    14
Dodge: Dodged            |    46 |   113 |    93 |     9 ||   261
